Map: Abyssal Reef LE

Players

Railgan

  • Race: Zerg Zerg
  • League: Grandmaster
  • Spawn Location: 5:00

Beastyqt - Winner!

  • Race: Terran Terran
  • League: Grandmaster
  • Spawn Location: 11:00

VOD

Have the link to the VOD?

Description

Time

  • Played on: March 13, 2017, 5:27 p.m.
  • Length: 6:00
Show
View Real Time Build Order
Export as new Build Order

Railgan Zerg 

Build Orders: Pool First 

Get SALT Encoding   

  12  0:01  Drone  
  13  0:12  Overlord  
  13  0:17  Drone  
  14  0:31  Drone x2  
  14  0:34  Drone  
  17  0:45  Spawning Pool  
  16  0:50  Drone  
  18  0:57  Drone  
  18  1:13  Extractor, Hatchery  
  18  1:16  Drone  
  17  1:20  Drone  
  18  1:28  Drone  
  19  1:34  Queen  
  19  1:39  Zergling x2  
  22  1:49  Overlord  
  22  2:08  Drone  
  22  2:09  Queen  
  22  2:12  Drone  
  22  2:14  Metabolic Boost  
  26  2:23  Drone  
  26  2:26  Queen  
  26  2:28  Drone  
  30  2:34  Overlord  
  30  2:39  Overlord  
  29  2:53  Drone  
  29  2:54  Drone x3  
  29  2:56  Evolution Chamber  
  32  2:59  Drone x2  
  34  3:09  Drone  
  34  3:10  Drone  
  36  3:18  Drone x2  
  38  3:22  Zerg Ground Armor Level 1  
  38  3:24  Drone  
  38  3:26  Drone x2  
  41  3:29  Spine Crawler  
  41  3:32  Drone  
  41  3:36  Zergling x4  
  41  3:37  Overlord  
  41  3:39  Drone  
  44  3:42  Extractor  
  44  3:43  Extractor  
  42  3:50  Drone  
  42  3:51  Drone  
  44  3:57  Extractor  
  44  3:58  Drone  
  44  4:00  Lair, Drone  
  44  4:01  Drone x2, Overlord  
  47  4:10  Drone x2  
  47  4:12  Drone  
  47  4:14  Zergling x4  
  52  4:21  Drone, Spore Crawler  
  52  4:22  Spore Crawler  
  52  4:23  Drone  
  52  4:30  Drone x2  
  54  4:32  Baneling Nest  
  54  4:33  Zergling x4  
  54  4:35  Zergling x2  
  54  4:38  Queen  
  57  4:48  Zergling x4  
  57  4:49  Zergling x4  
  57  4:57  Zergling x4  
  57  4:59  Queen  
  55  5:02  Zergling x8  
  50  5:16  Zergling x8  
  50  5:24  Zergling x2  
  50  5:28  Zergling x2  
  49  5:39  Zergling x2  
  49  5:40  Zergling x2  
Show
View Real Time Build Order
Export as new Build Order

Beastyqt Terran - Winner!

Build Orders: Hellion Banshee 

Get SALT Encoding   

  12  0:01  SCV  
  13  0:13  SCV  
  14  0:17  Supply Depot  
  14  0:25  SCV  
  15  0:38  SCV  
  15  0:39  Barracks  
  16  0:51  SCV  
  16  0:54  Refinery  
  17  1:03  SCV  
  18  1:15  SCV  
  19  1:27  Marine, Orbital Command  
  20  1:38  Command Center  
  20  1:45  Marine  
  21  1:51  Supply Depot  
  21  1:53  SCV  
  22  2:02  Factory  
  22  2:06  SCV  
  23  2:16  Barracks Reactor  
  23  2:18  Refinery, SCV  
  24  2:31  SCV  
  25  2:43  SCV  
  26  2:51  Orbital Command  
  26  2:53  Starport  
  26  2:55  SCV  
  27  3:00  Marine, Hellion x2  
  32  3:07  SCV  
  33  3:17  SCV  
  33  3:19  Supply Depot, SCV  
  35  3:20  Marine  
  35  3:22  Hellion x2  
  40  3:29  Medivac, SCV  
  40  3:32  SCV  
  44  3:41  Supply Depot, SCV  
  44  3:42  Armory  
  44  3:44  SCV  
  44  3:47  Barracks Tech Lab  
  46  3:49  Hellion  
  46  3:52  Hellion  
  46  3:53  SCV  
  51  3:56  SCV  
  52  4:04  Supply Depot  
  52  4:06  SCV  
  52  4:09  SCV  
  54  4:11  Hellion  
  54  4:14  Hellion  
  58  4:18  Banshee, SCV  
  58  4:21  Barracks Tech Lab  
  62  4:28  SCV  
  63  4:33  Hellion  
  63  4:35  Hellion  
  63  4:36  SCV  
  68  4:40  SCV  
  68  4:43  Supply Depot  
  69  4:50  SCV  
  70  4:54  SCV  
  70  4:57  Engineering Bay, Supply Depot  
  67  5:03  SCV  
  68  5:07  SCV  
  69  5:14  Command Center  
  69  5:15  SCV  
  76  5:23  Refinery  
  76  5:24  Refinery  
  76  5:28  Missile Turret  
  76  5:30  Missile Turret  
  76  5:31  Supply Depot, SCV  
  76  5:33  Supply Depot  
  76  5:35  SCV  
  81  5:43  SCV  
Tags
 
Add a new tag
Caveats
  • Supply blocks, unpowered buildings, or Contaminate may cause inaccurate times.
  • Supply counts are checked every 10 seconds.